 Dungeon Crawl Stone Soup version 0.28-a0-1638-g9123634e07 (webtiles) character file.

Game seed: 8436477616438595985

224 HallandMoats the Skirmisher (level 6, -1/53 HPs)
             Began as a Ghoul Fighter on Jan 25, 2022.
             Was a Follower of Qazlal.
             Slain by a hound (2 damage)
             ... on level 5 of the Dungeon.
             The game lasted 00:02:59 (2063 turns).

HallandMoats the Skirmisher (Ghoul Fighter)         Turns: 2063, Time: 00:03:00

Health: -1/53      AC:  8    Str: 20    XL:     6   Next: 0%
Magic:  6/6        EV:  9    Int:  5    God:    Qazlal [*.....]
Gold:   180        SH:  5    Dex:  8    Spells: 5/5 levels left

rFire   . . .      SeeInvis .   o - +0 short sword (venom)
rCold   + . .      Faith    .   b - +0 buckler
rNeg    + + +      Spirit   .   a - +0 scale mail
rPois   ∞          Reflect  .   (no helmet)
rElec   .          Harm     .   d - +0 cloak
rCorr   .          Rampage  .   (no gloves)
Will    .....                   (no boots)
Stlth   ..........              (no amulet)
HPRegen 0.00/turn               i - ring of flight
MPRegen 0.10/turn               (no ring)

@: flying, inhibited regen
A: claws 1, cold resistance 1, negative energy resistance 3, inhibited
regeneration, torment resistance 2
a: Renounce Religion


You were on level 5 of the Dungeon.
You worshipped Qazlal.
Qazlal was aware of your devotion.
You visited 1 branch of the dungeon, and saw 5 of its levels.

You collected 180 gold pieces.

Inventory:

Hand Weapons
 o - a +0 short sword of venom (weapon)
Armour
 a - a +0 scale mail (worn)
 b - a +0 buckler (worn)
 d - a +0 cloak (worn)
Jewellery
 i - a ring of flight (left claw)
Wands
 k - a wand of paralysis (6)
 l - a wand of charming (9)
Scrolls
 e - 3 scrolls of magic mapping {unknown}
 f - 2 scrolls of identify {unknown}
 h - a scroll of holy word {unknown}
 j - 3 scrolls of blinking {unknown}
 q - a scroll of fog {unknown}
Potions
 c - 3 potions of might
 g - a potion of ambrosia {unknown}
 m - a potion of resistance {unknown}
 n - a potion of lignification {unknown}
 p - a potion of flight {unknown}


   Skills:
 * Level 4.4 Fighting
 + Level 3.2 Armour
 + Level 1.5 Dodging
 + Level 3.2 Shields
 * Level 3.7 Unarmed Combat
 * Level 2.0 Invocations


You had 5 spell levels left.
You didn't know any spells.
Your spell library contained the following spells:

 Spells                   Type           Power      Damage    Failure   Level
 Call Canine Familiar     Summ           0%         N/A       99%         3
 Portal Projectile        Hex/Tloc       0%         N/A       99%         3
 Leda's Liquefaction      Hex/Erth       0%         N/A       100%        4


Dungeon Overview and Level Annotations

Branches:
Dungeon (5/15)
 Temple: D:4-7

Altars:
Qazlal

Shops:
D:3 [


Innate Abilities, Weirdness & Mutations

You thrive by killing the living.
You are immune to poison.
You have sharp fingernails.
Your flesh is cold resistant. (rC+)
You are immune to negative energy. (rN+++)
You do not regenerate when monsters are visible.
You are immune to unholy pain and torment.


Message History

The ufetubus is heavily wounded.
The hound bites you but does no damage.
The ufetubus hits you but does no damage.
You block the ufetubus's attack. x2
The ufetubus hits you but does no damage.
The hound bites you but does no damage.
You miss the ufetubus.
The ufetubus is severely wounded.
The hound barely misses you. The ufetubus hits you.
* * * LOW HITPOINT WARNING * * *
You block the ufetubus's attack. The hound barely misses you.
The ufetubus hits you but does no damage.
You block the ufetubus's attack.
You hit the hound.
The hound is poisoned.
The hound is lightly wounded.
An adder comes into view.
The ufetubus hits you.
* * * LOW HITPOINT WARNING * * *
The ufetubus hits you.
* * * LOW HITPOINT WARNING * * *
You block the hound's attack.
You closely miss the hound.
The hound is lightly wounded.
The adder hisses angrily.
You kill the ufetubus!
Qazlal accepts your kill. You block the hound's attack. x2
You have reached level 6!
You puncture the hound!
The hound looks as sick as possible!
The hound is heavily wounded.
The hound bites you but does no damage.
You closely miss the hound.
The hound is heavily wounded.
The hound closely misses you. The hound bites you but does no damage.
You barely miss the hound.
The hound is severely wounded.
The hound bites you.
* * * LOW HITPOINT WARNING * * *
The hound bites you.
You die...

#. #. #. ## #. #.
.###... ##. .....
#####.. ...
......)###.#####)
#..h@S.......
##.####.##### #..
# #.# #. #. #


You could see a hound (extremely poisoned) and an adder.

Vanquished Creatures
  A kobold brigand (D:4)
  A hound (D:4)
  Jessica (D:3)
  A gnoll (D:3)
  An adder (D:3)
  An ufetubus (D:5)
  A worm (D:3)
  A dart slug (D:3)
  An orc (D:2)
  2 endoplasms
  3 giant cockroaches
  7 goblins
  6 hobgoblins
  3 jackals (D:1)
  A quokka (D:2)
  12 ball pythons
  6 bats
  3 frilled lizards
  8 kobolds
  11 rats
71 creatures vanquished.

Notes
Turn   | Place    | Note
-------+----------+-------------------------------------------
     0 | D:1      | HallandMoats the Ghoul Fighter began the quest for the Orb.
     0 | D:1      | Reached XP level 1. HP: 19/19 MP: 0/0
   133 | D:1      | Reached XP level 2. HP: 24/26 MP: 1/1
   550 | D:2      | Reached XP level 3. HP: 31/33 MP: 2/2
   603 | D:2      | Found a stormy altar of Qazlal.
   661 | D:2      | Became a worshipper of Qazlal Stormbringer
  1003 | D:3      | Noticed Jessica
  1012 | D:3      | Killed Jessica
  1013 | D:3      | Reached skill level 1 in Dodging
  1013 | D:3      | Reached XP level 4. HP: 40/40 MP: 3/3
  1045 | D:3      | Reached skill level 4 in Fighting
  1081 | D:3      | Reached skill level 1 in Invocations
  1561 | D:3      | Reached * piety under Qazlal
  1623 | D:3      | Found Siucel's Antique Armour Shop.
  1852 | D:4      | Reached XP level 5. HP: 46/46 MP: 3/5
  1937 | D:4      | Noticed a kobold brigand
  1950 | D:4      | Killed a kobold brigand
  2021 | D:4      | Noticed a phantom
  2051 | D:5      | Entered Level 5 of the Dungeon
  2061 | D:5      | Reached XP level 6. HP: 5/53 MP: 6/6
  2063 | D:5      | HP: 1/53 [hound (4)]
  2063 | D:5      | Slain by a hound

Illustrated notes

Levels and vault maps discovered:
D:1:      heliophobic_arrival_enchanted_forest, layout_rooms
D:2:      layout_rooms, basic_altar
D:3:      minmay_chambers_of_twos, layout_basic, serial_shops,
          nicolae_square_shop, chequers_avenue, uniq_jessica
D:4:      layout_loops_ring
D:5:      layout_loops_ring, temple_fountains

Skill      XL: |  1  2  3  4  5 |
---------------+----------------+-----
Dodging        | 1 |  1.5
Unarmed Combat | 3 |  3.7
Fighting       | 4 |  4.4
Shields        | 3 |  3.2
Invocations    | 1 2 |  2.0
Armour         | 3 |  3.2

Action                   |  1- 3 |  4- 6 || total
-------------------------+-------+-------++-------
Melee: Unarmed           |   108 |    44 ||   152
       Short sword       |       |    66 ||    66
  Use: Potion            |       |     1 ||     1
Armor: Scale mail        |    40 |    37 ||    77
Dodge: Dodged            |    51 |    50 ||   101
Block: Buckler           |    10 |    28 ||    38

Table legend: (Time is in decaauts)
 A = Elapsed time spent in this place.
 B = Non-inter-level travel time spent in this place.
 C = Inter-level travel time spent in this place.
 D = Time resting spent in this place.
 E = Time spent auto-exploring this place.
 F = Levels seen in this place.
 G = Mean time per level.
                   A        B        C        D        E       F      G
               +--------+--------+--------+--------+--------+-----+--------+
         Total |   2067 |   2000 |     67 |      0 |   1501 |   5 |  413.4 |
       Dungeon |   2067 |   2000 |     67 |      0 |   1501 |   5 |  413.4 |
               +--------+--------+--------+--------+--------+-----+--------+

Top non-repeatable levels by time:
     D:3: 860 daAuts
     D:1: 490 daAuts
     D:2: 458 daAuts
     D:4: 245 daAuts
     D:5: 12 daAuts
